 Dungeon Crawl Stone Soup version 0.20-a0-2-g2b0e13a (webtiles) character file.

247 spe3d0 the Shield-Bearer (level 5, -4/41 HPs)
             Began as a Demonspawn Fighter on Oct 29, 2016.
             Killed by nerve-wracking pain
             ... invoked by an orc priest
              (5 damage)
             ... on level 4 of the Dungeon.
             The game lasted 00:06:20 (3508 turns).

spe3d0 the Shield-Bearer (Demonspawn Fighter)       Turns: 3508, Time: 00:06:21

Health: -4/41      AC: 10    Str: 17    XL:     5   Next: 85%
Magic:  0/5        EV:  7    Int:  9    God:
Gold:   128        SH:  9    Dex: 13    Spells: 0 memorised, 4 levels left

rFire  . . .     SeeInvis .     j - +0 whip
rCold  . . .     Gourm    .     b - +0 scale mail
rNeg   . . .     Faith    .     c - +0 shield
rPois  .         Spirit   +     q - +0 helmet
rElec  .         Reflect  .     (no cloak)
rCorr  .         Harm     .     (no gloves)
MR     .....                    (no boots)
Stlth  ..........               G - amulet of guardian spirit
                                (no ring)
                                Z - ring of wizardry

@: very slightly contaminated, invisible
A: thin metallic scales 1
a: no special abilities


You were on level 4 of the Dungeon.
You were not hungry.

You visited 1 branch of the dungeon, and saw 4 of its levels.

You collected 128 gold pieces.


Innate Abilities, Weirdness & Mutations

You are partially covered in thin metallic scales. (AC +2)


   Skills:
 - Level 3.0 Fighting
 * Level 3.6 Maces & Flails
 * Level 3.9 Armour
 * Level 4.1 Shields


You had 4 spell levels left.
You didn't know any spells.

Inventory:

Hand Weapons
 a - a +0 flail
 j - a +0 whip (weapon)
Armour
 b - a +0 scale mail (worn)
 c - a +0 shield (worn)
 q - a +0 helmet (worn)
Magical Staves
 n - an uncursed staff of air {unknown}
Jewellery
 G - an amulet of guardian spirit (around neck)
 Z - a ring of wizardry (left hand)
Scrolls
 g - 3 scrolls of remove curse {unknown}
 h - 3 scrolls of identify {unknown}
 i - a scroll of magic mapping {unknown}
Potions
 e - a potion of mutation {!q}
 p - a potion of curing {unknown}
Comestibles
 d - a meat ration {@e1}
 f - 3 bread rations {@e1}
 k - 3 fruits {@e2}
 o - a beef jerky {@e2}

Dungeon Overview and Level Annotations

Branches:
Dungeon (4/15)
 Temple: D:4-7

Altars:
Cheibriados
Gozag
Makhleb
Uskayaw

#................
#..####.##....#.# #..#
#.##.<.<..# #..#
#.##.######
######..####.#...
.............#..#
######.............
...########.###########
.........@o.........
###.#######.#####...
#.# #.. .... .o...
....... ....##.. .....#
..o


You could see an orc priest.


Message History

You hit the orc priest.
The orc priest is heavily wounded.
The orc priest barely misses you.
You hit the orc priest.
The orc priest is almost dead.
You block the orc priest's attack.
You hit the orc priest but do no damage.
The orc priest is almost dead.
The orc priest hits you but does no damage.
Your shield and scale mail prevent you from hitting the orc priest.
The orc priest is almost dead.
The orc priest hits you but does no damage.
You barely miss the orc priest.
The orc priest is almost dead.
The orc priest calls down the wrath of Beogh upon you.
Pain shoots through your body!
* * * LOW HITPOINT WARNING * * *
You hit the orc priest.
The orc priest is almost dead.
The orc priest looks braver for a moment.
You closely miss the orc priest.
The orc priest is almost dead.
The orc priest hits you.
* * * LOW HITPOINT WARNING * * *
You catch the helpless orc priest completely off-guard!
You hit the orc priest but do no damage.
The orc priest is almost dead.
The orc priest mumbles some strange prayers to Beogh against you.
Pain shoots through your body!
You die...

Skill      XL: |  1  2  3  4  5 |
---------------+----------------+-----
Maces & Flails | 2 3 |  3.6
Armour         | 3 |  3.9
Shields        | 3 4 |  4.1
Fighting       | |  3.0

Action                   |  1- 3 |  4- 6 || total
-------------------------+-------+-------++-------
Melee: Flail             |   110 |     9 ||   119
       Whip              |       |   399 ||   399
  Use: Potion            |       |     4 ||     4
 Stab: Invisible         |       |     2 ||     2
  Eat: Chunk             |     2 |     7 ||     9
Armor: Scale mail        |    53 |   144 ||   197
Dodge: Dodged            |    27 |    86 ||   113
Block: Shield            |    44 |   167 ||   211

Vault maps used:
D:1:      tarquinn_simple_flora_water_b
D:2:      nicolae_gozag_seed_capital, ecumenical_altar_2, bloody_makhleb
D:3:      amethyst_overflow_temple_binary, minmay_fountain_box
D:4:      first_bread, cheibrodos_ashenzari_chains

Notes
Turn   | Place    | Note
-------+----------+-------------------------------------------
     0 | D:1      | spe3d0 the Demonspawn Fighter began the quest for the Orb.
     0 | D:1      | Reached XP level 1. HP: 18/18 MP: 1/1
   153 | D:1      | Reached skill level 2 in Maces & Flails
   160 | D:1      | Gained mutation: You are partially covered in thin metallic scales. (AC +2) [demonic ancestry]
   160 | D:1      | Reached XP level 2. HP: 17/24 MP: 2/2
   193 | D:1      | Reached skill level 3 in Armour
   472 | D:1      | Reached skill level 3 in Shields
   835 | D:2      | Found a faded altar of an unknown god.
   911 | D:2      | Reached XP level 3. HP: 22/29 MP: 3/3
  1195 | D:2      | Found an opulent altar of Gozag.
  1613 | D:2      | Reached XP level 4. HP: 35/35 MP: 1/4
  1718 | D:2      | Found a burning altar of Makhleb.
  1765 | D:2      | Reached skill level 3 in Maces & Flails
  2270 | D:3      | Reached XP level 5. HP: 27/41 MP: 2/5
  2716 | D:3      | Found a snail-covered altar of Cheibriados.
  3130 | D:3      | Found a hide-covered altar of Uskayaw.
  3150 | D:3      | Reached skill level 4 in Shields
  3480 | D:4      | Gained mutation: Armour fits poorly on your strangely shaped body. [potion of mutation]
  3480 | D:4      | Gained mutation: You tend to lose your temper in combat. [potion of mutation]
  3480 | D:4      | Gained mutation: Your flesh is heat resistant. (rF+) [potion of mutation]
  3484 | D:4      | Lost mutation: Armour fits poorly on your strangely shaped body. [potion of cure mutation]
  3484 | D:4      | Lost mutation: You tend to lose your temper in combat. [potion of cure mutation]
  3484 | D:4      | Lost mutation: Your flesh is heat resistant. (rF+) [potion of cure mutation]
  3505 | D:4      | HP: 4/41 [orc priest/nerve-wracking pain (7)]
  3507 | D:4      | HP: 1/41 [orc priest (3)]
  3508 | D:4      | Killed from afar by an orc priest

Vanquished Creatures
  A crimson imp (D:3)
  An orc wizard (D:4)
  6 gnolls (D:2)
  6 adders
  An ooze (D:2)
  2 worms
  A dart slug (D:2)
  4 leopard geckos
  An orc (D:4)
  5 bats
  2 giant cockroaches
  3 goblins
  10 hobgoblins
  5 jackals (D:2)
  9 kobolds
  A quokka (D:3)
  2 ball pythons
  3 frilled lizards
  6 rats
69 creatures vanquished.
